cohdb
Replays
Latest Replays
All Replays
Popular Replays
Top Player Replays
Match Explorer
How It Works
Community
CoH3 Stats
Reddit
Sign in to upload your games and track your stats! →
Sign in with Steam
Match 42552720
Unlisted
Match 42552720
Overview
Messages
Build Orders
End
Construct Section Command Post
Royal Engineer Section
Selects Canadian Shock Battlegroup
Infantry Section
ML 3-inch Mortar Team
Grenade Package
Infantry Section
Construct Platoon Command Post
Selects Attacking Spirit
Selects Canadian Shock Section
Construct Field Infirmary
ML 3-inch Mortar Team
Humber Armored Car
6-pounder Anti-tank Gun Team
matjouz
Sarmynation
1219835352
Sarpistic
0
0
Comments
sign in to comment!
No comments posted yet!